 Dungeon Crawl Stone Soup version 0.24-a0-102-g7635c99 (console) character file.

Game seed: 13139117625932245704

42 Duffy the Caller (level 3, 0/28 HPs)
             Began as a Naga Summoner on Feb 12, 2019.
             Killed from afar by a dart slug (5 damage)
             ... with a slug dart
             ... on level 2 of the Dungeon.
             The game lasted 00:02:54 (2594 turns).

Duffy the Caller (Naga Summoner)                    Turns: 2594, Time: 00:02:55

Health: 0/28       AC:  2    Str: 10    XL:     3   Next: 54%
Magic:  2/7        EV: 10    Int: 16    God:
Gold:   50         SH:  0    Dex: 11    Spells: 1/7 levels left

rFire    . . .     SeeInvis +   f - +0 dagger
rCold    . . .     Gourm    .   (no shield)
rNeg     + . .     Faith    .   a - +0 robe
rPois    +         Spirit   .   (no helmet)
rElec    .         Reflect  .   (no cloak)
rCorr    .         Harm     .   (no gloves)
MR       .....                  (no barding)
Stlth    ++........             (no amulet)
HPRegen  0.09/turn              n - ring of positive energy
MPRegen  0.10/turn              (no ring)

@: very slow
A: large, see invisible, deformed body, poison resistance, slowness 2, slow
metabolism 1, spit poison 1, AC +1
a: Spit Poison


You were on level 2 of the Dungeon.
You were not hungry.

You visited 1 branch of the dungeon, and saw 2 of its levels.

You collected 50 gold pieces.

Inventory:

Hand Weapons
 b - a +0 short sword
 f - a +0 dagger (weapon)
Armour
 a - a +0 robe (worn)
Jewellery
 n - a ring of positive energy (left hand)
Scrolls
 d - a scroll of teleportation {unknown}
 e - 2 scrolls of identify {unknown}
 g - 2 scrolls of noise {unknown}
 l - a scroll of immolation {unknown}
Potions
 h - a potion of ambrosia {unknown}
 i - a potion of heal wounds {unknown}
 j - a potion of might {unknown}
 k - a potion of lignification {unknown}
Comestibles
 c - 2 rations
 m - 6 chunks of flesh


   Skills:
 - Level 1.5 Dodging
 - Level 3.0 Stealth
 + Level 2.9 Spellcasting
 + Level 4.6 Summonings


You had one spell level left.
You knew the following spells:

 Your Spells              Type           Power        Failure   Level  Hunger
h - Call Canine Familiar  Summ           ###.....     9%          3    ###....
j - Call Imp              Summ           ###.....     4%          2    ##.....
k - Summon Small Mammal   Summ           ###.         2%          1    #......

Your spell library contained the following spells:

 Spells                   Type           Power        Failure   Level  Hunger
 Summon Guardian Golem    Hex/Summ       #.......     22%         3    ###....
 Summon Ice Beast         Ice/Summ       #.......     58%         4    #####..
 Summon Lightning Spire   Summ/Air       #.......     58%         4    #####..


Dungeon Overview and Level Annotations

Branches:
Dungeon (2/15)

Altars:


Innate Abilities, Weirdness & Mutations

You cannot wear boots.
Your serpentine skin is tough. (AC +1)
You have supernaturally acute eyesight. (SInv)
Armour fits poorly on your strangely shaped body.
Your system is resistant to poisons. (rPois)
You cover ground very slowly.
You have a slow metabolism.
You can spit poison.


Message History

The crimson imp hits you but does no damage.
Your crimson imp closely misses the crimson imp.
Your hound bites the crimson imp but does no damage.
You hit the crimson imp but do no damage.
The crimson imp is moderately wounded.
Your hound bites the crimson imp.
The crimson imp blinks!
A dart slug comes into view.
Your hound closely misses the crimson imp.
Your crimson imp blinks!
Your crimson imp barely misses the crimson imp.
Found a scroll labeled ASIDEH QIJYHE.
Your hound bites the crimson imp. x2
The crimson imp shouts, "Begone, thou fobbing dismal-dreaming varlet!"
The dart slug launches a dart at you. The slug dart hits you.
Your hound barely misses the crimson imp.
Your crimson imp misses the crimson imp.
The dart slug launches a dart at you. The slug dart hits you.
You die...

########## ##........######
#####...........#..
...#.........#.#.##########
###.#.#########.#...........
.................@>.........
###.#.#########.#)5.........
#.#.#### #g#..h5..w...?
###.#....# ..#.##..........
....####.#....#.##..........
..............+.............
####.#.#.#... #.##..........
#.#.#.# #.##..........
#.#.#.######.##...?......


You could see a crimson imp, a dart slug, a friendly hound and a friendly
crimson imp.

Vanquished Creatures
  A leopard gecko (D:1)
  A ball python (D:1)
  A giant cockroach (D:1)
  3 goblins (D:1)
  3 hobgoblins (D:1)
  4 jackals (D:1)
  4 bats
  4 frilled lizards
  4 kobolds (D:1)
  3 rats (D:1)
28 creatures vanquished.

Vanquished Creatures (collateral kills)
  3 giant cockroaches (D:2)
  3 goblins
  6 jackals (D:1)
  A kobold (D:1)
  A rat (D:1)
14 creatures vanquished.

Grand Total: 42 creatures vanquished

Notes
Turn   | Place    | Note
-------+----------+-------------------------------------------
     0 | D:1      | Duffy the Naga Summoner began the quest for the Orb.
     0 | D:1      | Reached XP level 1. HP: 15/15 MP: 3/3
    74 | D:1      | Reached XP level 2. HP: 5/22 MP: 1/5
   436 | D:1      | HP: 1/22 [jackal (1)]
   761 | D:1      | Learned a level 2 spell: Call Imp
  1285 | D:1      | Reached XP level 3. HP: 6/28 MP: 3/6
  1296 | D:1      | Learned a level 3 spell: Call Canine Familiar
  2594 | D:2      | Killed from afar by a dart slug

Levels and vault maps discovered:
D:1:      dpeg_arrival_renting, layout_rooms
D:2:      cheibrodos_greedy_goblins, layout_basic, first_ration, uniq_robin

Action                   || total
-------------------------++-------
Melee: Short sword       ||    36
       Dagger            ||   101
 Cast: Summon Small Mamm ||    12
       Call Imp          ||     5
       Call Canine Famil ||     4
 Abil: Spit Poison       ||    15
 Stab: Sleeping          ||     4
  Eat: Chunk             ||     5
Armor: Robe              ||    34
Dodge: Dodged            ||   113

Table legend:
 A = Non-vault XP
 B = Vault XP
 C = Vault XP percentage of total XP
 D = Non-vault monster count
 E = Vault monster count
 F = Vault count percentage of total count
                 A         B        C        D         E       F
            +---------+---------+-------+---------+---------+-------
      Total |      60 |       0 |   0.0 |      42 |       0 |   0.0
            +---------+---------+-------+---------+---------+-------
        D:1 |      54 |       0 |   0.0 |      36 |       0 |   0.0
        D:2 |       6 |       0 |   0.0 |       6 |       0 |   0.0
            +---------+---------+-------+---------+---------+-------
